 Dungeon Crawl Stone Soup version 0.30.0 (webtiles) character file.

Game seed: 9650328317212352589

26994 jagoly the Fighter (level 14, -6/126 HPs)
             Began as a Meteoran Conjurer on May 19, 2023.
             Was a Priest of Cheibriados.
             Mangled by a ghost moth (9 damage)
             ... on level 4 of the Spider Nest.
             The game lasted 01:07:58 (2573 turns).

jagoly the Fighter (Meteoran Conjurer)              Turns: 2573, Time: 01:07:58

Health: -6/126     AC:  6    Str: 13 (15) XL:     14   Next: 1%
Magic:  15/45      EV: 20    Int: 35      God:    Cheibriados [***...]
Gold:   148        SH:  0    Dex: 20 (22) Spells: 11/29 levels left

rFire   . . .        y - +5 spear (freeze)
rCold   + . .        (no shield)
rNeg    . . .        i - +0 leather armour "Uclilud" {rC+ MP+9 Str-2 Int+3}
rPois   +            (no helmet)
rElec   .            t - +1 cloak
rCorr   .            (no gloves)
SInv    .            u - +0 pair of boots
Will    +....        H - amulet of faith
Stlth   ++           B - ring of poison resistance
HPRegen 0.41/turn    m - ring of magical power
MPRegen 0.29/turn

%: faith
@: glowing, very slow
A: sense surroundings 2, otherworldly, glowing, explore regen
a: Renounce Religion, Bend Time, Temporal Distortion


You were on level 4 of the Spider Nest.
You worshipped Cheibriados.
Cheibriados was most pleased with you.
You visited 4 branches of the dungeon, and saw 17 of its levels.
You also visited: Ossuary.

You collected 204 gold pieces.
You spent 56 gold pieces at shops.

Inventory:

Hand Weapons
 y - a +5 spear of freezing (weapon)
 A - a +0 trident of protection
Missiles
 c - 22 stones
 h - 9 poisoned darts
Armour
 a - a +0 robe
 i - the +0 leather armour "Uclilud" (worn) {rC+ MP+9 Str-2 Int+3}
   (You found it on level 1 of the Spider Nest)

   Str:       It affects your strength (-2).
   Int:       It affects your intelligence (+3).
   rC:        It protects you from cold.
   MP:        It affects your magic capacity (+9).
 t - a +1 cloak (worn)
 u - a +0 pair of boots (worn)
Magical Staves
 k - a staff of death
Jewellery
 e - a ring of wizardry
 m - a ring of magical power (right hand)
 B - a ring of poison resistance (left hand)
 H - an amulet of faith (around neck)
Wands
 C - a wand of charming (10)
 I - a wand of iceblast (5)
 M - a wand of flame (10)
Scrolls
 f - 3 scrolls of enchant armour
 g - 2 scrolls of teleportation
 j - 2 scrolls of enchant weapon
 l - a scroll of magic mapping {unknown}
 q - 3 scrolls of immolation
 s - 2 scrolls of fog
 v - a scroll of fear
 w - 3 scrolls of vulnerability
 x - a scroll of poison {unknown}
 z - a scroll of blinking {unknown}
 F - 2 scrolls of silence {unknown}
 J - a scroll of torment {unknown}
 K - 2 scrolls of noise
Potions
 b - a potion of magic
 n - a potion of might {unknown}
 p - a potion of attraction {unknown}
 r - a potion of cancellation {unknown}
 D - 2 potions of lignification {unknown}
 E - a potion of haste {unknown}
 G - a potion of berserk rage {unknown}
 L - a potion of resistance {unknown}


   Skills:
 - Level 12.0 Fighting
 - Level 12.0 Dodging
 - Level 6.0 Stealth
 - Level 8.0 Spellcasting
 - Level 6.5 Conjurations
 - Level 4.0 Translocations
 - Level 2.0 Transmutations
 - Level 6.5 Earth Magic
 - Level 8.0 Poison Magic
 + Level 11.6 Invocations
 - Level 4.0 Evocations


You had 11 spell levels left.
You knew the following spells:

 Your Spells              Type           Power      Damage    Failure   Level
a - Magic Dart            Conj           100%       1d8       1%          1
c - Stone Arrow           Conj/Erth      100%       3d13      1%          3
s - Searing Ray           Conj           100%       2d8       1%          2
w - Passwall              Tmut/Erth      35%        N/A       1%          2
B - Blink                 Tloc           84%        N/A       1%          2
M - Iskenderun's Mystic   Conj/Tloc      50%        2d11      4%          4
R - Olgreb's Toxic Radia  Pois           63%        N/A       1%          4

Your spell library contained the following spells:

 Spells                   Type           Power      Damage    Failure   Level
 Sandblast                Erth           100%       2d20      1%          1
 Sting                    Tmut/Pois      100%       1d8       1%          1
 Lesser Beckoning         Tloc           84%        N/A       1%          2
 Momentum Strike          Conj/Tloc      100%       3d10      1%          2
 Poisonous Vapours        Pois/Air       84%        N/A       1%          2
 Dazzling Flash           Conj/Hex       72%        N/A       3%          3
 Manifold Assault         Tloc           42%        N/A       8%          4
 Fulminant Prism          Conj/Hex       18%        3d10      10%         4
 Storm Form               Tmut/Air       10%        N/A       100%        7


Dungeon Overview and Level Annotations

Branches:
Dungeon (9/15) Zot: 6381   Temple (1/1) D:4 Zot: 827    Lair (3/5) D:9 Zot: 1814
 Shoals (0/4) Lair:3       Spider (4/4) Lair:3 Zot: 2896 Ossuary (visited)
    Orc: D:9-12

Altars:
Cheibriados
Fedhas
Kikubaaqudgha
Trog
Uskayaw
Vehumet
Zin

Shops:
D:5 =   D:7 :   D:8 ?

Portals:
Ice
Cave: Lair:3

Annotations:
Lair:3 Snorg


Innate Abilities, Weirdness & Mutations

You passively map the area around you.
You are easily found by Zot.
You glow in the dark.
You regain HP and MP as you explore.


Message History

Unknown command.
Cast which spell? (? or * to list)
Aiming: Passwall (safe; 1% risk of failure)
Press: ? - help, Dir - move target A rock wall.
Magic restored.
You begin to meditate on the wall.
You continue meditating on the rock. x2
The pharaoh ant gives a chilling moan.
You hear a skittering sound.
You continue meditating on the rock.
You finish merging with the rock.
Found a scroll of identify.
Found a stone staircase leading down.
Cast which spell? (? or * to list)
Aiming: Stone Arrow (safe; 1% risk of failure)
Press: ? - help, Shift-Dir - straight line, f - pharaoh ant
Aim: a pharaoh ant (84% to hit)
The stone arrow misses the pharaoh ant.
Cast which spell? (? or * to list)
Aiming: Stone Arrow (safe; 1% risk of failure)
Press: ? - help, Shift-Dir - straight line, f/p - pharaoh ant
Aim: a pharaoh ant (84% to hit)
The stone arrow hits the pharaoh ant!!
The pharaoh ant is severely damaged.
Cast which spell? (? or * to list)
Aiming: Stone Arrow (safe; 1% risk of failure)
Press: ? - help, Shift-Dir - straight line, f/p - pharaoh ant
Aim: a pharaoh ant (severely damaged, 84% to hit)
The stone arrow hits the pharaoh ant!!
You destroy the pharaoh ant!
Cheibriados thoroughly appreciates the change of pace.
N - a scroll of identify
There is a stone staircase leading down here.
As you read the scroll of identify, it crumbles to dust.
K - 2 scrolls of noise
Okay, then.
You climb downwards.
Found a stone staircase leading up.
There is a stone staircase leading up here.
Cast which spell? (? or * to list)
You begin to radiate toxic energy.
The redback is poisoned.
The broodmother is poisoned.
The wolf spider's many legs skitter.
The wolf spider is poisoned.
A culicivora comes into view.
A jorogumo comes into view.
Cast which spell? (? or * to list)
Aiming: Stone Arrow (safe; 1% risk of failure)
Press: ? - help, Shift-Dir - straight line, f - broodmother
Aim: a broodmother (lightly wounded, poisoned, 95% to hit)
The stone arrow hits the broodmother!!
The broodmother is lightly wounded.
The jorogumo is poisoned.
The broodmother looks even sicker.
The culicivora is poisoned.
The broodmother summons spiders!
Cast which spell? (? or * to list)
Aiming: Stone Arrow (safe; 1% risk of failure)
Press: ? - help, Shift-Dir - straight line, f/p - broodmother
Aim: a broodmother (lightly wounded, very poisoned, 95% to hit)
The stone arrow hits the broodmother!
The broodmother is moderately wounded.
The redback looks even sicker.
The wolf spider looks even sicker.
The culicivora looks even sicker.
The wolf spider is poisoned. x2
You kill the redback!
Cheibriados thoroughly appreciates the change of pace.
Cast which spell? (? or * to list)
Aiming: Stone Arrow (safe; 1% risk of failure)
Press: ? - help, Shift-Dir - straight line, f/p - broodmother
Aim: a broodmother (moderately wounded, very poisoned, 95% to hit)
The stone arrow hits the broodmother!!
The broodmother is heavily wounded.
The culicivora looks even sicker.
The wolf spider looks even sicker.
Your toxic aura wanes.
The broodmother is healed somewhat.
The wolf spider hits you but does no damage.
The wolf spider bites you!
Cast which spell? (? or * to list)
You begin to radiate toxic energy.
The jorogumo looks even sicker.
The wolf spider looks even sicker. x2; The wolf spider misses you.
The wolf spider bites you.
The broodmother is healed somewhat.
The wolf spider hits you.
The wolf spider bites you but does no damage.
The broodmother misses you.
Activating: Slouch (6% risk of failure)
Press: ? - help, Dir - look around, f - activate You can feel time thicken for a moment.
You kill the wolf spider!
Cheibriados thoroughly appreciates the change of pace.
Cheibriados raises the support of your attributes as your movement slows.
You kill the wolf spider!
The wolf spider's corpse disappears in a puff of smoke!
You kill the wolf spider!
The wolf spider's corpse disappears in a puff of smoke!
You kill the culicivora!
Cheibriados thoroughly appreciates the change of pace.
Cheibriados lowers the support of your attributes as your movement quickens.
The jorogumo looks even sicker.
The broodmother looks even sicker.
The jorogumo stares at you and mumbles some strange words.
The stream of webbing hits you but does no damage.
You are caught in a web!
The broodmother bites you!!
Your Dodging skill increases to level 11!
Unknown command.
Unknown command.
Activating: Slouch (6% risk of failure)
Press: ? - help, Dir - look around, f - activate You can feel time thicken for a moment.
You can no longer inflict damage on those overly hasty.
Cheibriados lowers the support of your attributes as your movement quickens.
The broodmother barely misses you.
Cast which spell? (? or * to list)
You erupt in a blast of force!
The mystic blast hits the jorogumo!
You kill the jorogumo!
Cheibriados appreciates the change of pace.
The mystic blast hits the broodmother!
The broodmother is almost dead.
The broodmother is knocked back by the mystic blast.
The broodmother looks as sick as possible!
You hear a faint skittering sound. x2; You hear an angry buzzing noise.
You hear a faint skittering sound. x3; You hear a shout!
A pharaoh ant comes into view.
A tarantella comes into view.
A redback comes into view.
A tarantella comes into view.
The tarantella's many legs skitter faintly.
You hear an angry buzzing noise.
Cast which spell? (? or * to list)
Aiming: Stone Arrow (safe; 1% risk of failure)
Press: ? - help, Shift-Dir - straight line, f - broodmother
Aim: a broodmother (almost dead, extremely poisoned, 95% to hit)
The stone arrow hits the broodmother!
You kill the broodmother!
Cheibriados appreciates the change of pace.
The tarantella is poisoned. x2; The redback is poisoned.
Your toxic aura wanes.
A culicivora comes into view.
Training target 12.0 for Dodging reached!
Your Dodging skill increases to level 12!
You need to enable at least one skill for training.
Unknown command.
As you read the scroll of teleportation, it crumbles to dust.
You feel strangely unstable.
A redback comes into view.
Cast which spell? (? or * to list)
You begin to radiate toxic energy.
The tarantella looks even sicker.
The redback is poisoned.
The redback looks even sicker.
The culicivora is poisoned.
The tarantella looks even sicker.
The redback looks even sicker.
A jumping spider comes into view.
The redback is healed somewhat.
The redback bites you but does no damage.
The tarantella looks as sick as possible!
The jumping spider's many legs skitter faintly.
The jumping spider is poisoned.
The redback looks as sick as possible!
The culicivora looks even sicker.
You kill the tarantella!
Cheibriados thoroughly appreciates the change of pace.
The redback barely misses you.
An entropy weaver comes into view.
The redback is healed somewhat.
The tarantella touches you!
You are confused.
The redback bites you but does no damage.
You're too confused to cast spells.
Okay, then.
Unknown command.
Okay, then.
Press: ? - help, v - describe, . - travel, g - get item
Here: a pharaoh ant
Items here: a jorogumo corpse; a wolf spider corpse.
The floor.
Unknown command.
Press: ? - help, v - describe, . - travel
Here: a tarantella (severely wounded, poisoned)
The floor.
Unknown command.
Unknown command.
Okay, then.
You are too confused!
Unknown command.
You puncture the tarantella! You freeze the tarantella.
You kill the tarantella!
Cheibriados thoroughly appreciates the change of pace.
You can now inflict damage on those overly hasty.
Cheibriados raises the support of your attributes as your movement slows.
The entropy weaver is poisoned.
The culicivora looks even sicker.
You kill the redback!
Cheibriados thoroughly appreciates the change of pace.
You kill the redback!
Cheibriados thoroughly appreciates the change of pace.
The pharaoh ant bites you!
The jumping spider leaps!
The jumping spider is healed somewhat.
The pharaoh ant barely misses you.
Unknown command.
The pharaoh ant attacks as you move away!
The pharaoh ant completely misses you.
The entropy weaver looks even sicker.
You kill the culicivora!
Cheibriados thoroughly appreciates the change of pace.
Your surroundings suddenly seem different. 2 orb spiders, a tarantella and a redback come into view.
Your toxic aura wanes.
The orb spider's many legs skitter faintly.
The tarantella's many legs skitter faintly.
A jumping spider comes into view.
The redback bites you.
The orb spider begins to weave its threads into a brightly glowing ball.
The jumping spider moves out of view.
You're too confused to cast spells.
Unknown command.
Okay, then.
You feel better. The tarantella completely misses you.
The redback barely misses you.
Cast which spell? (? or * to list)
You begin to radiate toxic energy.
The orb spider is poisoned. x2
The tarantella is poisoned.
The redback is poisoned.
The tarantella looks even sicker.
The redback looks even sicker.
The redback bites you. The tarantella completely misses you.
The redback bites you!
The tarantella touches you but does no damage.
The orb spider weaves a glowing orb of energy.
An orb of destruction comes into view.
The redback attacks as you move away! The redback bites you!
The orb spider looks even sicker.
The redback looks even sicker.
The wavering orb of destruction hits the redback!!
The redback is blown up!
The tarantella closely misses you.
The orb spider pulsates with a strange energy.
The tarantella closely misses you.
Your Invocations skill increases to level 9!
Cast which spell? (? or * to list)
Aiming: Stone Arrow (safe; 1% risk of failure)
Press: ? - help, Shift-Dir - straight line, f - orb spider
Aim: an orb spider (heavily wounded, fully charged, poisoned, 78% to hit)
The stone arrow hits the orb spider!
The orb spider is severely wounded.
The orb spider looks even sicker.
Your toxic aura wanes.
The tarantella touches you.
The orb spider weaves a glowing orb of energy.
The tarantella touches you!
An orb of destruction comes into view.
The tarantella touches you but does no damage.
The orb of destruction hits the tarantella!!!
The tarantella is blown up!
The orb spider pulsates with a strange energy.
Cast which spell? (? or * to list)
Aiming: Stone Arrow (safe; 1% risk of failure)
Press: ? - help, Shift-Dir - straight line, f - orb spider, p - orb spider
Aim: an orb spider (almost dead, fully charged, poisoned, 78% to hit)
The stone arrow misses the orb spider.
Cast which spell? (? or * to list)
Aiming: Stone Arrow (safe; 1% risk of failure)
Press: ? - help, Shift-Dir - straight line, f/p - orb spider
Aim: an orb spider (almost dead, fully charged, poisoned, 78% to hit)
The stone arrow hits the orb spider!!
You kill the orb spider!
Cheibriados thoroughly appreciates the change of pace.
You kill the orb spider!
Cheibriados appreciates the change of pace.
Training target 10.0 for Invocations reached!
Your Invocations skill increases to level 10!
You need to enable at least one skill for training.
You open the huge gate. 2 tarantellas, a jumping spider and a redback come into view.
The tarantella's many legs skitter faintly.
The jumping spider's many legs skitter faintly.
A tarantella comes into view.
The tarantella moves out of view.
A culicivora comes into view.
Found a scroll labelled OFULEW UKOPLOG.
The tarantella's many legs skitter faintly.
There is a huge open gate here.
Cast which spell? (? or * to list)
You begin to radiate toxic energy.
The tarantella's many legs skitter faintly.
The tarantella is poisoned. x3; The jumping spider is poisoned.
The culicivora's many legs skitter faintly.
The culicivora is poisoned.
The redback is poisoned.
The tarantella looks even sicker. x2
A redback comes into view.
The redback bites you. The tarantella touches you!
The jumping spider misses you. The jumping spider bites you.
Activating: Slouch (1% risk of failure)
Press: ? - help, Dir - look around, f - activate You can feel time thicken for a moment.
You kill the redback!
Cheibriados thoroughly appreciates the change of pace.
You kill the tarantella!
Cheibriados thoroughly appreciates the change of pace.
You kill the jumping spider!
Cheibriados thoroughly appreciates the change of pace.
Cheibriados raises the support of your attributes as your movement slows.
You kill the tarantella!
Cheibriados thoroughly appreciates the change of pace.
You kill the jumping spider!
Cheibriados thoroughly appreciates the change of pace.
You kill the tarantella!
Cheibriados appreciates the change of pace.
You kill the culicivora!
Cheibriados thoroughly appreciates the change of pace.
You kill the redback!
Cheibriados thoroughly appreciates the change of pace.
Cheibriados lowers the support of your attributes as your movement quickens.
Found a trident.
There is a huge open gate here.
You see here a redback corpse.
Your toxic aura wanes.
A redback comes into view.
You see here a scroll labelled OFULEW UKOPLOG.
F - 2 scrolls labelled OFULEW UKOPLOG (gained 1)
A redback comes into view.
An electric eel comes into view.
Cast which spell? (? or * to list)
You begin to radiate toxic energy.
The redback is poisoned. x2
The electric eel is poisoned.
The redback looks even sicker.
The electric eel looks even sicker.
The redback closely misses you.
The redback bites you but does no damage.
Reach: y) +5 spear (freeze)
Press: ? - help, Dir - move target, f - redback
Aim: a redback (lightly wounded, poisoned, about 31% to evade your +5 spear of freezing)
You closely miss the redback.
The redback is lightly wounded.
The redback looks even sicker.
The redback closely misses you. The redback bites you! x2
Reach: y) +5 spear (freeze)
Press: ? - help, Dir - move target, f/p - redback
Aim: a redback (heavily wounded, very poisoned, about 31% to evade your +5 spear of freezing)
You hit the redback. You freeze the redback.
The redback is severely wounded.
The redback looks even sicker. x2; The electric eel looks even sicker.
You kill the redback!
Cheibriados appreciates the change of pace.
The redback completely misses you. The redback misses you.
Reach: y) +5 spear (freeze)
Press: ? - help, Dir - move target, f - redback
Aim: a redback (severely wounded, very poisoned, about 31% to evade your +5 spear of freezing)
You hit the redback. You freeze the redback.
The redback is almost dead.
You kill the redback!
Cheibriados thoroughly appreciates the change of pace.
You kill the electric eel!
Cheibriados thoroughly appreciates the change of pace.
Cheibriados raises the support of your attributes as your movement slows.
Your Invocations skill increases to level 11!
A torpor snail comes into view.
The torpor snail is poisoned.
Your toxic aura wanes.
Being near the torpor snail leaves you feeling lethargic.
You see here a redback corpse.
Cast which spell? (? or * to list)
Aiming: Stone Arrow (safe; 1% risk of failure)
Press: ? - help, Shift-Dir - straight line, f - torpor snail
Aim: a torpor snail (lightly wounded, poisoned, 100% to hit)
The stone arrow hits the torpor snail!!
The torpor snail is moderately wounded.
You hear a faint skittering sound.
A redback comes into view.
A jumping spider comes into view.
Cast which spell? (? or * to list)
You begin to radiate toxic energy.
The torpor snail looks even sicker.
The jumping spider is poisoned.
The redback is poisoned.
The torpor snail looks as sick as possible!
The jumping spider looks even sicker.
The redback looks even sicker.
Cast which spell? (? or * to list)
Aiming: Stone Arrow (safe; 1% risk of failure)
Press: ? - help, Shift-Dir - straight line, f/p - torpor snail
Aim: a torpor snail (heavily wounded, extremely poisoned, 100% to hit)
The stone arrow hits the torpor snail!
The torpor snail is severely wounded.
Your toxic aura wanes.
The redback bites you.
A wolf spider comes into view.
The jumping spider leaps!
The redback bites you!
* * * LOW HITPOINT WARNING * * *
Cast which spell? (? or * to list)
Aiming: Stone Arrow (safe; 1% risk of failure)
Press: ? - help, Shift-Dir - straight line, f/p - torpor snail
Aim: a torpor snail (severely wounded, extremely poisoned, 100% to hit)
The stone arrow hits the torpor snail!
The torpor snail is almost dead.
The wolf spider's many legs skitter.
You kill the torpor snail!
Cheibriados appreciates the change of pace.
Cheibriados thoroughly appreciates the change of pace.
You feel a bit more experienced. The redback barely misses you.
The redback bites you.
* * * LOW HITPOINT WARNING * * *
Cast which spell? (? or * to list)
Okay, then.
Activating: Slouch (1% risk of failure)
Press: ? - help, Dir - look around, f - activate You can feel time thicken for a moment.
You kill the redback!
Cheibriados thoroughly appreciates the change of pace.
Cheibriados lowers the support of your attributes as your movement quickens.
You feel yourself speed up.
A redback comes into view.
The wolf spider hits you!
* * * LOW HITPOINT WARNING * * *
The wolf spider bites you but does no damage.
The wolf spider hits you!!
* * * LOW HITPOINT WARNING * * *
The wolf spider completely misses you.
Activating: Slouch (1% risk of failure)
Press: ? - help, Dir - look around, f - activate You can feel time thicken for a moment.
You kill the wolf spider!
Cheibriados appreciates the change of pace.
You kill the redback!
Cheibriados thoroughly appreciates the change of pace.
You can no longer inflict damage on those overly hasty.
Cheibriados lowers the support of your attributes as your movement quickens.
You have reached level 14!
Okay, then.
Found a jumping spider corpse.
Unknown command.
Unknown command.
Unknown command.
You see here a jumping spider corpse.
You enter the shallow water.
Moving in this stuff is going to be slow.
Unknown command.
Unknown command.
A redback comes into view.
Found 17 gold pieces.
Cast which spell? (? or * to list)
Aiming: Stone Arrow (safe; 1% risk of failure)
Press: ? - help, Shift-Dir - straight line, f - redback
Aim: a redback (72% to hit)
The stone arrow hits the redback!!
You kill the redback!
Cheibriados appreciates the change of pace.
You feel you are being watched by something.
You feel your power leaking away.
Okay, then.
Okay, then.
Unknown command.
Okay, then.
Okay, then.
Unknown command.
Okay, then.
Okay, then.
Aiming: Iceblast
Press: ? - help, Shift-Dir - straight line, f - you
Okay, then.
Aiming: Throw Flame
Press: ? - help, Shift-Dir - straight line
Aiming: Iceblast
Press: ? - help, Shift-Dir - straight line
Aim: Disturbance (steam)
The mass of ice explodes!
The iceblast engulfs something!
You hear a faint skittering sound.
Something hits you!!
* * * LOW HITPOINT WARNING * * *
Deactivating autopickup; reactivate with Ctrl-A.
Something hits you!
* * * LOW HITPOINT WARNING * * *
Something stings you!
* * * LOW HITPOINT WARNING * * *
Aiming: Iceblast
Press: ? - help, Shift-Dir - straight line The mass of ice explodes!
The iceblast engulfs something!
You hear a faint skittering sound. x2
Something hits you but does no damage. Something hits you!
* * * LOW HITPOINT WARNING * * *
Something stings you.
* * * LOW HITPOINT WARNING * * *
You feel clumsy.
Aiming: Iceblast
Press: ? - help, Shift-Dir - straight line The mass of ice explodes!
The iceblast engulfs something!
You hear a faint skittering sound.
You feel you are being watched by something.
You feel your power leaking away. Something hits you!
* * * LOW HITPOINT WARNING * * *
Something hits you but does no damage. Something stings you.
* * * LOW HITPOINT WARNING * * *
You feel much better.
Something hits you but does no damage. x2
Something stings you.
* * * LOW HITPOINT WARNING * * *
Aiming: Iceblast
Press: ? - help, Shift-Dir - straight line The mass of ice explodes!
The iceblast engulfs something!
You hear a faint skittering sound. x2
You feel you are being watched by something.
You feel your power leaking away. Something hits you.
* * * LOW HITPOINT WARNING * * *
Something hits you.
* * * LOW HITPOINT WARNING * * *
You feel weakened. Something closely misses you.
A redback comes into view.
Aiming: Iceblast
Press: ? - help, Shift-Dir - straight line The mass of ice explodes!
The iceblast engulfs something!
Something hits you.
* * * LOW HITPOINT WARNING * * *
You feel clumsy. Something hits you.
* * * LOW HITPOINT WARNING * * *
Something stings you.
* * * LOW HITPOINT WARNING * * *
You feel weakened.
You feel you are being watched by something.
You feel your power leaking away. Something hits you.
* * * LOW HITPOINT WARNING * * *
Something hits you!
You die...

* * + #..~##~###.††..
..## *, ##..~^## #.....
* $s.. * #~††.## #...##
....~ *####~...####.^.#
#.^.~# #..###..~# #..##
##^..~###...###..##*..#
#~~~..~.#~^# ##..~# *
#....{~# #..~## * ~
#~@.~# ##.†~# ~
*#^...###...## ~
*##~...##...#
*##....~^~## * *
###.....# * #....##
##.~## ####


You could see a redback.

Vanquished Creatures
  A broodmother (Spider:4)
  2 jorogumos
  A catoblepas (Lair:3)
  A boulder beetle (Spider:1)
  2 radroaches (Spider:1)
  A fire crab (Lair:2)
  2 pharaoh ants
  4 orb spiders
  2 wolf spiders (Spider:4)
  A moth of wrath (Spider:2)
  A black mamba (Lair:2)
  3 demonic crawlers (Spider:1)
  A cane toad (Lair:2)
  4 torpor snails
  2 rime drakes
  4 komodo dragons
  10 tarantellas
  10 culicivoras
  Sigmund (D:5)
  7 jumping spiders
  2 wyverns
  A basilisk (Lair:1)
  3 yaks
  29 redbacks
  2 steam dragons (D:8)
  2 acid dragons (D:9)
  10 water moccasins
  An ice beast (D:8)
  2 black bears
  2 ogres (D:5)
  4 wolves (Lair:2)
  A centaur (D:7)
  2 phantoms (D:5)
  11 bullfrogs
  A gnoll sergeant (D:8)
  A scorpion (D:9)
  3 water moccasin zombies (Ossuary)
  4 wights (D:8)
  6 killer bees (D:7)
  An electric eel (Spider:4)
  An elephant simulacrum (Lair:3)
  2 hounds (D:5)
  A jelly (D:5)
  Crazy Yiuf (D:5)
  A sleepcap (D:8)
  An orc wizard (D:8)
  2 mummies (Ossuary)
  5 gnolls (D:8)
  2 adders
  A shadow imp (D:5)
  2 white imps
  An ufetubus (D:5)
  5 adder zombies (Ossuary)
  12 orcs
  2 ball pythons
  2 endoplasms
  A giant cockroach (D:4)
  5 gnoll zombies (Ossuary)
  A goblin (D:3)
  4 hobgoblins
  A quokka (D:5)
  A bat (D:1)
  A frilled lizard (D:1)
  5 hobgoblin zombies (Ossuary)
  A kobold (D:4)
  2 kobold zombies (Ossuary)
  4 orc zombies (Ossuary)
  3 rats (D:3)
218 creatures vanquished.

Vanquished Creatures (others)
  A tarantella (Spider:4)
  A redback (Spider:4)
  13 fungi
  26 plants
41 creatures vanquished.

Grand Total: 259 creatures vanquished

Notes
Turn   | Place    | Note
-------+----------+-------------------------------------------
     0 | D:1      | jagoly the Meteoran Conjurer began the quest for the Orb.
     0 | D:1      | Reached XP level 1. HP: 14/14 MP: 5/5
    93 | D:2      | Reached skill level 5 in Conjurations
    93 | D:2      | Reached XP level 2. HP: 20/20 MP: 2/7
    96 | D:2      | Learned a level 2 spell: Searing Ray
   118 | D:3      | Reached XP level 3. HP: 26/26 MP: 5/8
   204 | D:3      | Reached skill level 1 in Transmutations
   237 | D:3      | Reached XP level 4. HP: 22/33 MP: 2/10
   299 | D:4      | Noticed a black bear
   318 | D:4      | Killed a black bear
   319 | D:4      | Reached skill level 5 in Spellcasting
   319 | D:4      | Reached skill level 1 in Earth Magic
   319 | D:4      | Reached XP level 5. HP: 29/38 MP: 3/13
   323 | D:4      | Learned a level 3 spell: Stone Arrow
   366 | D:5      | Entered Level 5 of the Dungeon
   366 | D:5      | Found Acintoan's Jewellery Boutique.
   384 | D:5      | Noticed Sigmund
   391 | D:5      | Reached XP level 6. HP: 45/45 MP: 7/14
   468 | D:5      | Noticed an ogre
   471 | D:5      | Killed an ogre
   472 | D:5      | Reached XP level 7. HP: 50/50 MP: 10/17
   475 | D:5      | Learned a level 2 spell: Passwall
   491 | D:5      | Reached skill level 1 in Fighting
   526 | D:5      | Found a sand-covered staircase.
   536 | Ossuary  | Entered an ossuary
   556 | Ossuary  | Reached skill level 5 in Earth Magic
   622 | Ossuary  | Reached XP level 8. HP: 55/59 MP: 16/18
   739 | D:5      | Found a runed translucent door.
   740 | D:5      | Noticed Crazy Yiuf
   744 | D:5      | Killed Crazy Yiuf
   809 | D:5      | Killed Sigmund
   810 | D:5      | Reached skill level 5 in Dodging
   856 | D:4      | Found a staircase to the Ecumenical Temple.
   865 | Temple   | Entered the Ecumenical Temple
   891 | Temple   | Became a worshipper of Cheibriados the Contemplative
  1112 | D:7      | Reached skill level 5 in Fighting
  1112 | D:7      | Gained mutation: You passively map the area around you.
                  | [Meteoran growth]
  1112 | D:7      | Reached XP level 9. HP: 67/74 MP: 19/19
  1152 | D:7      | Found Ves Pepu's Book Shop.
  1179 | D:8      | Reached skill level 1 in Translocations
  1184 | D:8      | Learned a level 4 spell: Iskenderun's Mystic Blast
  1217 | D:8      | Reached * piety under Cheibriados
  1218 | D:8      | Found Qayseipp's Magic Scroll Shop.
  1241 | D:8      | Bought a scroll of fear for 56 gold pieces
  1404 | D:9      | Reached ** piety under Cheibriados
  1405 | D:9      | Reached XP level 10. HP: 83/83 MP: 20/20
  1431 | D:9      | Found a staircase to the Lair.
  1444 | Lair:1   | Entered Level 1 of the Lair of Beasts
  1444 | Lair:1   | Noticed a black mamba
  1478 | Lair:1   | Noticed a komodo dragon
  1484 | Lair:1   | Killed a komodo dragon
  1489 | Lair:1   | You fall into a shaft and drop 1 floor!
  1489 | Lair:2   | Noticed a cane toad
  1495 | Lair:2   | Killed a cane toad
  1508 | Lair:2   | Noticed a fire crab
  1517 | Lair:2   | Killed a fire crab
  1518 | Lair:2   | Reached XP level 11. HP: 57/99 MP: 6/21
  1524 | Lair:2   | Noticed a torpor snail
  1530 | Lair:2   | Killed a torpor snail
  1531 | Lair:2   | Reached skill level 10 in Fighting
  1601 | Lair:2   | Reached *** piety under Cheibriados
  1602 | Lair:2   | Reached skill level 10 in Dodging
  1634 | Lair:3   | Noticed a catoblepas
  1642 | Lair:3   | Killed a catoblepas
  1643 | Lair:3   | Reached skill level 5 in Stealth
  1668 | Lair:2   | Noticed a black mamba
  1671 | Lair:2   | Killed a black mamba
  1843 | Lair:3   | Found a staircase to the Shoals.
  1843 | Lair:3   | Noticed a merfolk siren
  1860 | Lair:3   | Noticed a four-headed hydra
  1893 | Lair:3   | Noticed a catoblepas
  1915 | Lair:3   | Found a frozen archway.
  1915 | Lair:3   | Noticed Snorg
  1965 | Lair:2   | You fall into a shaft and drop 1 floor!
  2045 | Lair:3   | Learned a level 4 spell: Olgreb's Toxic Radiance
  2050 | Lair:3   | Found a hole to the Spider Nest.
  2056 | Lair:3   | Reached skill level 1 in Poison Magic
  2058 | Lair:3   | Reached XP level 12. HP: 75/107 MP: 22/25
  2072 | Spider:1 | Entered Level 1 of the Spider Nest
  2076 | Spider:1 | Reached **** piety under Cheibriados
  2077 | Spider:1 | Reached skill level 5 in Poison Magic
  2105 | Spider:1 | Reached skill level 1 in Invocations
  2109 | Spider:1 | Noticed an orb spider
  2109 | Spider:1 | Noticed a jorogumo
  2115 | Spider:1 | Killed an orb spider
  2116 | Spider:1 | Reached skill level 5 in Invocations
  2120 | Spider:1 | Killed a jorogumo
  2151 | Spider:1 | Noticed a boulder beetle
  2167 | Spider:1 | Killed a boulder beetle
  2298 | Spider:1 | Noticed a radroach
  2304 | Spider:1 | Killed a radroach
  2308 | Spider:1 | Learned a level 2 spell: Blink
  2321 | Spider:1 | Identified the +0 leather armour "Uclilud" {rC+ MP+9 Str-2
                  | Int+3}
  2337 | Spider:2 | Noticed a radroach
  2337 | Spider:2 | Noticed an orb spider
  2341 | Spider:2 | Noticed an emperor scorpion
  2343 | Spider:2 | Killed an orb spider
  2344 | Spider:2 | Reached XP level 13. HP: 92/115 MP: 24/26
  2348 | Spider:1 | Killed a radroach
  2502 | Spider:4 | Entered Level 4 of the Spider Nest
  2502 | Spider:4 | Noticed a broodmother
  2503 | Spider:4 | Noticed a jorogumo
  2510 | Spider:4 | Killed a jorogumo
  2511 | Spider:4 | Killed a broodmother
  2514 | Spider:4 | Noticed an entropy weaver
  2524 | Spider:4 | Reached skill level 10 in Invocations
  2550 | Spider:4 | Reached XP level 14. HP: 22/126 MP: 17/27
  2570 | Spider:4 | HP: 5/126 [something (5)]
  2573 | Spider:4 | Mangled by a ghost moth

Illustrated notes

Levels and vault maps discovered:
D:1:      tarquinn_simple_flora_water_d, layout_basic
D:2:      layout_basic, shapermc_ecumenical_altar_gd, basic_altar,
          minmay_distorted
D:3:      layout_loops_ring
D:4:      layout_basic, minmay_temple_entry_glassed_door,
          kennysheep_generic_room_5
D:5:      layout_rooms, nicolae_ossuary_entry_monument,
          minmay_shop_enchanted_jewellery, uniq_crazy_yiuf_cottage, uniq_sigmund
D:6:      layout_cave_pools, nicolae_dithmenos_shadow_blocks,
          amcnicky_altar_gilded, gammafunk_ghost_stat_death,
          dreamdust_gnoll_farm
D:7:      layout_gridville, serial_shops, nicolae_shop_trees,
          minmay_increasing_density, uniq_joseph
D:8:      layout_gridville, lemuel_round_altar, serial_shops, shop, uniq_grum
D:9:      layout_gridville, due_lair_maze_entry_diamond, orc_david_3
Temple:   kb_temple_of_zot
Lair:1:   layout_long_grid, gauntlet_entry_generic, infiniplex_staircase_pool
Lair:2:   layout_chaotic_city, minmay_stone_trees_medium,
          pdpol_lair_cavern_descent, serial_bayou_shore_a
Lair:3:   layout_long_grid, minmay_shoals_entry_lonely_mermaid,
          spider_nest_entry_funnel_web, portal_ice_cave_entry_ice_simulacra,
          nzn_random_ring, uniq_snorg
Spider:1: layout_cave_pods
Spider:2: nicolae_spider_hilbert_zone_7 [nicolae_spider_hilbert_4_sides_1_open,
          nicolae_spider_hilbert_4_sides_1_open,
          nicolae_spider_hilbert_4_sides_1_open,
          nicolae_spider_hilbert_4_sides_1_open,
          nicolae_spider_hilbert_3_sides_1_open,
          nicolae_spider_hilbert_3_sides_1_open,
          nicolae_spider_hilbert_3_sides_1_open,
          nicolae_spider_hilbert_3_sides_1_open,
          nicolae_spider_hilbert_4_sides_1_open,
          nicolae_spider_hilbert_4_sides_1_open,
          nicolae_spider_hilbert_4_sides_1_open,
          nicolae_spider_hilbert_2_sides_1_open,
          nicolae_spider_hilbert_2_sides_1_open,
          nicolae_spider_hilbert_2_sides_1_open,
          nicolae_spider_hilbert_2_sides_1_open,
          nicolae_spider_hilbert_2_sides_1_open,
          nicolae_spider_hilbert_2_sides_1_open], nicolae_spider_bzzzt
Spider:3: layout_chambers, nicolae_spider_swamp_cousins
Spider:4: spider_rune_water, hellmonk_test_site, uniq_arachne

Skill      XL: |  1  2  3  4  5  6  7  8  9 10 11 12 13 |
---------------+----------------------------------------+-----
Spellcasting   | 3 5 6 8 |  8.0
Conjurations   | 5 6 |  6.5
Transmutations | 1 2 |  2.0
Stealth        | 2 4 6 |  6.0
Earth Magic    | 1 2 4 5 6 |  6.5
Fighting       | 1 5 6 9 10 12 | 12.0
Dodging        | 5 8 10 12 | 12.0
Translocations | 3 4 |  4.0
Poison Magic   | 2 6 8 |  8.0
Invocations    | 8 11 | 11.6
Evocations     | 4 |  4.0

Action                     |  1- 3 |  4- 6 |  7- 9 | 10-12 | 13-15 || total
---------------------------+-------+-------+-------+-------+-------++-------
  Melee: Unarmed           |     1 |     8 |       |       |       ||     9
         Whip              |       |       |    12 |       |       ||    12
         Punch             |       |       |     1 |       |       ||     1
         Spear             |       |       |       |     1 |     4 ||     5
  Throw: Dart              |       |     3 |       |       |       ||     3
   Cast: Magic Dart        |    26 |    11 |    24 |     7 |       ||    68
         Searing Ray       |     3 |     5 |    15 |     2 |     1 ||    26
         Stone Arrow       |       |     6 |    57 |   130 |    39 ||   232
         Passwall          |       |       |    19 |    24 |     3 ||    46
         Iskenderun's Myst |       |       |     2 |     5 |     6 ||    13
         Olgreb's Toxic Ra |       |       |       |     9 |    11 ||    20
         Blink             |       |       |       |       |     1 ||     1
 Invoke: Slouch            |       |       |       |     2 |     7 ||     9
  Evoke: Wand              |       |       |       |     2 |     7 ||     9
    Use: Scroll            |       |       |     8 |     4 |     4 ||    16
         Potion            |       |       |     2 |     2 |     2 ||     6
 Armour: Robe              |       |     3 |    16 |    12 |       ||    31
         Leather armour    |       |       |       |     1 |    18 ||    19
  Dodge: Dodged            |    11 |     7 |    48 |    67 |    44 ||   177
